 Dungeon Crawl Stone Soup version 0.31-a0-831-g143b1e81fc (webtiles) character file.

Game seed: 6236874447174453717

367310 Leeroy the Skinwalker (level 21, -4/274 HPs)
             Began as a Troll Shapeshifter on Sept 24, 2023.
             Was a High Priest of Wu Jian.
             Splashed by an acid blob's acid (6 damage)
             ... created by the Royal Jelly
             ... on level 5 of the Pits of Slime.
             The game lasted 02:06:04 (39588 turns).

Leeroy the Skinwalker (Troll Shapeshifter)         Turns: 39588, Time: 02:06:05

Health: -4/274     AC: 31    Str: 35    XL:     21   Next: 62%
Magic:  17/17      EV: 26    Int:  5    God:    Wu Jian [*****.]
Gold:   2168       SH:  0    Dex: 10    Spells: 20/20 levels left

rFire   x .          .
                       - Unarmed
rCold   + . .        (no shield)
rNeg    + + .        S - melded +9 gold dragon scales
rPois   ∞            h - +2 hat
rElec   +            O - +2 ratskin cloak {*Rats rPois rN+ Str-1 Int-1 Dex+1}
rCorr   +            (gloves unavailable)
SInv    .            (boots unavailable)
Will    +....        b - amulet of the acrobat
Stlth   +            V - ring of resist corrosion
HPRegen 1.45/turn    P - ring of ice
MPRegen 0.15/turn

%: acrobat
@: exhausted, statue-form, corroded, in a heavenly storm, glowing, studying 3
skills, very slow
A: slow and powerful, torment resistance 1, boosted hp, large, unfitting armour,
claws 3, regeneration 1, (shaggy fur 1), (tough skin 1), deformed body, low MP
1, inability to read after injury 1
}: 2/15 runes: decaying, serpentine
a: Begin Untransformation, Renounce Religion, Wall Jump, Serpent's Lash,
Heavenly Storm


You were on level 5 of the Pits of Slime.
You worshipped Wu Jian.
Wu Jian was extremely pleased with you.
You were a living statue of rough stone.
You visited 10 branches of the dungeon, and saw 42 of its levels.
You also visited: Sewer and Ice Cave.

You collected 5183 gold pieces.
You spent 3015 gold pieces at shops.

Inventory:

Missiles
 F - 22 javelins (quivered)
 I - 3 throwing nets
Armour
 h - a +2 hat (worn)
 O - the +2 ratskin cloak (worn) {*Rats rPois rN+ Str-1 Int-1 Dex+1}
   (You found it on level 6 of the Dungeon)

   *Rats:     When the wearer is hurt, rats may emerge from it to assist them.
   Str-1:     It affects your strength (-1).
   Int-1:     It affects your intelligence (-1).
   Dex+1:     It affects your dexterity (+1).
   rPois:     It protects you from poison rN+: It protects you from negative
   energy.
 S - +9 gold dragon scales (melded)
Jewellery
 b - an amulet of the acrobat (around neck)
 c - the ring of Xom's Malicious Joy {+Blink rPois Str-4 SInv}
   (You found it in an ice cave)

   [ring of see invisible]

   Str-4:     It affects your strength (-4).
   rPois:     It protects you from poison SInv: It lets you see invisible.
   +Blink:    It lets you blink.
 i - the ring of Fusul {Will+ EV+5 Int+3}
   (You found it on level 4 of the Dungeon)

   [ring of evasion]

   EV+5:      It affects your evasion (+5).
   Int+3:     It affects your intelligence (+3).
   Will+:     It increases your willpower.
 l - a +6 ring of strength
 q - a +5 ring of evasion
 P - a ring of ice (right claw)
 T - the ring "Hain" {rF+ rN+ Str+2 Dex-5 SInv}
   (You found it on level 3 of the Dungeon)

   [ring of positive energy]

   Str+2:     It affects your strength (+2).
   Dex-5:     It affects your dexterity (-5).
   rF+:       It protects you from fire.
   rN+:       It protects you from negative energy.
   SInv:      It lets you see invisible.
 U - the ring "Doc Sus" {rF+ rN+}
   (You found it on level 8 of the Dungeon)

   [ring of protection from fire]

   rF+:       It protects you from fire.
   rN+:       It protects you from negative energy.
 V - a ring of resist corrosion (left claw)
Talismans
 e - a granite talisman (active)
 Q - a blade talisman
 X - a serpent talisman
Wands
 o - a wand of iceblast (15)
 p - a wand of flame (80)
 z - a wand of mindburst (27)
 D - a wand of digging (24)
 H - a wand of charming (32)
 Y - a wand of polymorph (2)
 Z - a wand of light (23)
Scrolls
 d - 2 scrolls of fog
 f - 9 scrolls of poison
 k - 3 scrolls of revelation
 r - 6 scrolls of vulnerability
 s - a scroll of silence
 x - 4 scrolls of teleportation
 y - 3 scrolls of torment
 B - 10 scrolls of fear
 G - 2 scrolls of blinking
 R - 3 scrolls of summoning
Potions
 a - 6 potions of resistance
 g - 8 potions of attraction
 j - 5 potions of mutation
 m - 2 potions of ambrosia
 n - 18 potions of curing
 t - 7 potions of invisibility
 u - 3 potions of berserk rage {unknown}
 v - 4 potions of might {unknown}
 A - a potion of magic {unknown}
 E - 3 potions of heal wounds
 J - 3 potions of cancellation {unknown}
 K - 8 potions of haste
 L - 5 potions of degeneration {unknown}
 M - 5 potions of enlightenment
 N - 6 potions of lignification
 W - 12 potions of brilliance
Miscellaneous
 w - a phial of floods
 C - a tin of tremorstones (2/2)


   Skills:
 + Level 13.5 Fighting
 - Level 4.1 Armour
 - Level 6.2 Dodging
 - Level 22.1 Unarmed Combat
 - Level 25.7 Shapeshifting


You had 20 spell levels left.
You didn't know any spells.
Your spell library contained the following spells:

 Spells                   Type           Power      Damage    Failure   Level
 Freeze                   Ice            0%         1d3       47%         1
 Kiss of Death            Conj/Necr      0%         2d5       47%         1
 Magic Dart               Conj           0%         1d3       47%         1
 Necrotise                Necr           0%         1d4       47%         1
 Summon Small Mammal      Summ           0%         N/A       47%         1
 Blink                    Tloc           0%         N/A       63%         2
 Call Imp                 Summ           0%         N/A       63%         2
 Scorch                   Fire           0%         2d5       63%         2
 Static Discharge         Conj/Air       0%         2-2/arc   63%         2
 Wereblood                Tmut           0%         N/A       63%         2
 Call Canine Familiar     Summ           0%         N/A       85%         3
 Dazzling Flash           Conj/Hex       0%         N/A       85%         3
 Frozen Ramparts          Ice            0%         1d1       85%         3
 Hailstorm                Conj/Ice       0%         3d3       85%         3
 Inner Flame              Hex/Fire       0%         N/A       85%         3
 Mephitic Cloud           Conj/Pois/Air  0%         N/A       85%         3
 Ozocubu's Armour         Ice            0%         N/A       85%         3
 Sigil of Binding         Hex            0%         N/A       85%         3
 Summon Guardian Golem    Hex/Summ       0%         N/A       85%         3
 Tukima's Dance           Hex            0%         N/A       85%         3
 Vampiric Draining        Necr           0%         2d6       85%         3
 Volatile Blastmotes      Fire/Tloc      0%         2d10      85%         3
 Airstrike                Air            0%         2d(0-16)  99%         4
 Animate Dead             Necr           0%         N/A       99%         4
 Brom's Barrelling Bould  Conj/Erth      0%         2d3       99%         4
 Dimensional Bullseye     Hex/Tloc       0%         N/A       99%         4
 Flame Wave               Conj/Fire      0%         2d4       99%         4
 Fulminant Prism          Conj/Hex       0%         3d5       99%         4
 Iskenderun's Mystic Bla  Conj/Tloc      0%         2d3       99%         4
 Leda's Liquefaction      Hex/Erth       0%         N/A       99%         4
 Olgreb's Toxic Radiance  Pois           0%         N/A       99%         4
 Passage of Golubria      Tloc           0%         N/A       99%         4
 Petrify                  Tmut/Erth      0%         N/A       99%         4
 Sticky Flame             Conj/Fire      0%         2d3       99%         4
 Summon Ice Beast         Ice/Summ       0%         N/A       99%         4
 Summon Lightning Spire   Summ/Air       0%         N/A       99%         4
 Agony                    Necr           0%         N/A       100%        5
 Alistair's Intoxication  Tmut/Pois      0%         N/A       100%        5
 Borgnjor's Vile Clutch   Necr/Erth      0%         N/A       100%        5
 Fireball                 Conj/Fire      0%         3d3       100%        5
 Irradiate                Conj/Tmut      0%         3d11      100%        5
 Iskenderun's Battlesphe  Conj           0%         2d6       100%        5
 Lee's Rapid Deconstruct  Erth           0%         3d4*      100%        5
 Metabolic Englaciation   Hex/Ice        0%         N/A       100%        5
 Summon Mana Viper        Hex/Summ       0%         N/A       100%        5
 Yara's Violent Unravell  Hex/Tmut       0%         3d3       100%        5
 Bombard                  Conj/Erth      0%         9d1       100%        6
 Conjure Ball Lightning   Conj/Air       0%         3x3d6     100%        6
 Death Channel            Necr           0%         N/A       100%        6
 Eringya's Noxious Bog    Tmut/Pois      0%         4d6       100%        6
 Simulacrum               Ice/Necr       0%         N/A       100%        6
 Starburst                Conj/Fire      0%         6d3       100%        6
 Summon Cactus Giant      Summ           0%         N/A       100%        6
 Malign Gateway           Summ/Tloc      0%         N/A       100%        7
 Monstrous Menagerie      Summ           0%         N/A       100%        7
 Orb of Destruction       Conj           0%         9d5       100%        7
 Ozocubu's Refrigeration  Ice            0%         4d7       100%        7
 Spellforged Servitor     Conj/Summ      0%         N/A       100%        7
 Discord                  Hex            0%         N/A       100%        8
 Ignition                 Fire           0%         3d3       100%        8
 Maxwell's Capacitive Co  Air            0%         ∞         100%        8
 Dragon's Call            Summ           0%         N/A       100%        9
 Polar Vortex             Ice            0%         N/A       100%        9
 Sublimation of Blood     Necr           Unusable   N/A       N/A         2

Dungeon Overview and Level Annotations

Branches:
Dungeon (15/15)            Temple (1/1) D:4            Lair (5/5) D:8
  Swamp (4/4) Lair:2        Snake (4/4) Lair:2        Slime (5/5) Lair:4
    Orc (2/2) D:12            Elf (3/3) Orc:2        Vaults (0/5) D:13
 Depths (2/4) D:15           Hell (visited)             Dis (0/7) Hell
    Geh (0/7) Hell            Coc (0/7) Hell            Tar (0/7) Hell
  Sewer (visited)           IceCv (visited)

Altars:
Ashenzari
Cheibriados
Dithmenos
Elyvilon
Fedhas
Gozag
Hepliaklqana
Kikubaaqudgha
Makhleb
Nemelex Xobeh
Okawaru
Qazlal
Ru
Sif Muna
Trog
Uskayaw
Vehumet
Wu Jian
Xom
Yredelemnul
Zin
The Shining One
Jiyva

Shops:
D:10 [   Orc:2 [*(**   Elf:1 (   Snake:3 *=   Depths:1 ?

Portals:
Hell: Lair:5 Depths:1

Annotations:
Slime:5 Royal Jelly


Innate Abilities, Weirdness & Mutations

You are a living statue of rough stone.
Your actions are slow, but your melee attacks are powerful.
You are resistant to unholy torment.
Your maximum health is greatly increased.
Your equipment is partially melded.
You are too large for most types of armour.
You are immune to poison.
You have claws for hands.
Your natural rate of healing is unusually fast.
((You are covered in fur. (AC +1)))
((You have tough skin. (AC +1)))
Armour fits poorly on your strangely shaped body.
Your magical capacity is low. (-10% MP)
You occasionally lose the ability to read scrolls when taking damage.


Message History

You eviscerate the quicksilver ooze!!!!
You kill the quicksilver ooze!
That felt strangely unrewarding.
The acid blob spits acid at you.
The splash of acid hits you but does no damage.
The azure jelly barely misses you.
The azure jelly hits you but does no damage.
The azure jelly misses you. The azure jelly closely misses you.
The rockslime completely misses you.
The azure jelly closely misses your river rat.
The azure jelly hits your river rat!
Your river rat dies!
Unknown command.
Found an amethyst potion and 33 gold pieces.
You spin and attack the rockslime repeatedly.
You mangle the rockslime!!
The rockslime is heavily wounded.
You mangle the rockslime!!
The rockslime is almost dead.
You spin and attack the azure jelly.
You eviscerate the azure jelly!!!!
The azure jelly is almost dead.
The acid blob spits acid at you.
The splash of acid hits you but does no damage.
The acid blob spits acid at you. The splash of acid hits you! You resist.
* * * LOW HITPOINT WARNING * * *
The acid corrodes you! The rockslime hits you!
* * * LOW HITPOINT WARNING * * *
You stumble backwards!
Found 2 potions of curing, a scroll of silence and a ring of see invisible.
The rockslime closely misses you.
Unknown command.
You spin and attack the rockslime repeatedly.
You eviscerate the rockslime!!!
You kill the rockslime!
That felt strangely unrewarding.
The acid blob completely misses you. The acid blob hits you!
* * * LOW HITPOINT WARNING * * *
You are splashed with acid.
You resist.
You die...

##.#.##.### #...#
#.###.#.#.# #### ###
#####○###############
=$##...J○§☼§§##$$$!
?!#.....☼J☼☼§§#?):|
!##.....☼JJ§☼☼##?:[
[#....☼§☼§JJ○§.#!//
##....§JJJJ§§○.##$)
#.....§§JJJ§○...#?!
#.....☼§8J§§§...##!
......§☼§§§☼.....#:
#......§§§§☼......##
........._.........#
...................#
#.................##
#.................#
##...............##
......☼§§§§☼☼.....J.


You could see 4 acid blobs, 2 azure jellies and 2 rockslimes.

Vanquished Creatures
  Dissolution (Slime:3)
  A juggernaut (Depths:1)
  the Lernaean hydra (Swamp:4)
  Vashnia (Snake:2)
  Geryon (Hell)
  Nikola (Snake:4)
  3 doom hounds (Hell)
  A tentacled monstrosity (Depths:1)
  Rupert (D:13)
  Jorgrun (Swamp:3)
  A lich (Depths:1)
  2 deep elf blademasters (Elf:3)
  A sphinx (Depths:1)
  2 deep elf master archers (Elf:3)
  15 acid blobs
  The ghost of NigelTetley the Earth Mage, an adept DsEE of Gozag (Snake:4)
  Aizul (Snake:3)
  Roxanne (Snake:4)
  8 rockslimes
  14 azure jellies
  5 nagarajas
  2 frost giants
  4 deep elf elementalists (Elf:3)
  2 balrugs
  A deep elf sorcerer (Elf:3)
  An orc warlord (D:12)
  A war gargoyle (Hell)
  7 reapers
  12 quicksilver oozes
  2 very ugly things (Depths:1)
  Nessos (D:12)
  5 stone giants
  7 eleionomae
  The ghost of Uzysm the Cleaver, a journeyman DsBe of Trog (Lair:4)
  5 bunyips
  A minotaur (Lair:4)
  4 deep elf demonologists
  6 deep elf annihilators (Elf:3)
  2 blizzard demons (Hell)
  3 jiangshi (Depths:1)
  An ettin (Depths:1)
  Josephine (D:13)
  3 deep elf death magi (Elf:3)
  A green death (Hell)
  5 vault guards (D:13)
  A yaktaur captain (D:12)
  2 deep elf high priests (Elf:3)
  5 great orbs of eyes
  3 ice dragons
  18 hydras
  A sphinx zombie (Depths:1)
  2 salamander tyrants (Snake:4)
  Erolcha (D:12)
  4 catoblepae
  2 centaur warriors (D:13)
  A ghost crab (Swamp:2)
  An ogre mage (D:13)
  17 anacondas
  3 boulder beetles
  A rakshasa (D:15)
  16 naga warriors
  21 death yaks
  3 two-headed ogres
  A deep troll shaman (Depths:1)
  8 alligators
  Urug (Lair:2)
  27 dancing weapons
  5 tengu warriors
  4 hell hogs
  5 orc high priests (Orc:2)
  A spriggan berserker (Depths:1)
  A titan zombie (Depths:1)
  10 naga sharpshooters
  4 soul eaters
  Sonja (D:13)
  18 spriggans
  8 sun demons
  A vampire mage (Depths:1)
  6 shock serpents
  18 skeletal warriors
  5 hell knights (Hell)
  Nergalle (Lair:3)
  2 skysharks
  Amaemon (D:10)
  2 iron trolls (Depths:1)
  A fire crab (shapeshifter) (D:13)
  3 goliath frogs
  14 deep elf knights
  3 salamander mystics
  An anaconda zombie (Hell)
  5 spriggan druids
  Lodul (D:13)
  8 swamp dragons
  8 deep elf archers
  3 deep trolls
  A glowing orange brain (Slime:5)
  Pikel (D:4)
  14 bog bodies
  9 naga ritualists
  30 deep elf pyromancers
  7 orc knights
  A wizard (Lair:5)
  2 orange crystal statues (IceCv)
  An orc sorcerer (D:12)
  16 mana vipers
  A tengu skeleton (Depths:1)
  25 deep elf zephyrmancers
  11 salamanders
  5 necromancers
  15 ugly things
  A stone giant zombie (Hell)
  4 shining eyes
  4 cyclopes
  20 elephants
  3 manticores
  2 moths of wrath (Snake:4)
  3 rust devils
  2 will-o-the-wisps (Swamp:4)
  6 molten gargoyles (Hell)
  46 black mambas
  4 guardian serpents
  9 naga magi
  4 ice statues
  Joseph (D:10)
  3 smoke demons (Hell)
  3 orange demons
  2 gargoyles
  Maurice (D:9)
  An unseen horror (D:11)
  An alligator snapping turtle skeleton (Hell)
  2 torpor snails
  11 cane toads
  A sea snake zombie (Hell)
  3 eyes of devastation
  A kobold demonologist (D:14)
  6 freezing wraiths
  A yaktaur (D:13)
  2 tormentors (Hell)
  3 komodo dragons
  2 efreet
  7 rime drakes
  2 hydra zombies (Hell)
  A bloated husk (Swamp:1)
  An ice devil (Lair:5)
  A sea snake skeleton (Hell)
  4 tengu conjurers
  3 polar bears
  17 hornets
  11 trolls
  7 red devils
  A troll (shapeshifter) (D:14)
  A hellwing (Lair:5)
  7 tyrant leeches
  5 blink frogs (Lair:4)
  7 dream sheep
  An ettin zombie (Hell)
  A stone giant simulacrum (Depths:1)
  2 spriggan zombies
  A frost giant simulacrum (Depths:1)
  115 slime creatures
  32 yaks
  3 air elementals
  A vampire (D:12)
  5 wyverns
  7 water elementals
  3 shadows
  5 wraiths
  7 golden eyes
  7 basilisks
  2 fire elementals (Elf:1)
  A human (D:13)
  15 vampire mosquitoes
  Menkaure (D:5)
  56 nagas
  A steam dragon (D:10)
  3 wargs
  13 swamp worms
  A floating eye (Depths:1)
  16 water moccasins
  11 hell hounds
  8 swamp drakes
  2 great orb of eyes simulacra (IceCv)
  3 sky beasts
  2 ice beasts
  A black bear (Lair:2)
  23 orc warriors
  A spriggan simulacrum (Depths:1)
  3 boggarts (D:14)
  11 ogres
  15 wolves
  10 centaurs
  2 lemures (D:4)
  6 slime creature simulacra (IceCv)
  5 phantoms
  3 kobold brigands
  14 bullfrogs
  An earth elemental (Elf:2)
  4 scorpions
  5 glowing shapeshifter simulacra (IceCv)
  5 wights (D:7)
  A wyvern skeleton (D:6)
  A troll zombie (D:12)
  3 killer bees (D:11)
  7 howler monkeys
  10 electric eels
  A centaur zombie (D:6)
  A hound (D:3)
  5 jellies
  A centaur skeleton (D:6)
  A gnoll bouda (D:5)
  27 orc priests
  2 sleepcaps (D:7)
  A bullfrog skeleton (D:6)
  An iguana (D:5)
  10 hell rats
  8 orc wizards
  5 ogre zombies (D:12)
  A boggart simulacrum (D:13)
  Robin (D:2)
  5 gnolls (D:5)
  9 adders
  17 river rats (D:6)
  2 white imps
  An ufetubus (D:4)
  2 worms
  2 dart slugs
  69 orcs
  6 ball pythons
  9 endoplasms
  10 giant cockroaches
  14 goblins
  5 hobgoblins
  5 jackals
  4 quokkas
  3 bats
  A goblin skeleton (D:12)
  2 goblin zombies (D:12)
  A hobgoblin skeleton (D:12)
  4 hobgoblin zombies (D:12)
  19 kobolds
  3 orc skeletons (D:12)
  7 orc zombies (D:12)
  30 rats
  A spectral weapon (Swamp:2)
1538 creatures vanquished.

Vanquished Creatures (collateral kills)
  A nagaraja (Snake:4)
  A quicksilver ooze (Slime:5)
  A dancing weapon (Elf:2)
  A deep elf zephyrmancer (Elf:1)
  A black mamba (Snake:4)
  A rime drake (D:13)
  4 slime creatures
  A golden eye (Slime:3)
  An orc priest (Orc:2)
  An orc (Orc:2)
13 creatures vanquished.

Vanquished Creatures (others)
  A deep elf knight (Elf:3)
  2 deep elf zephyrmancers
  4 bloated husks
  2 hornets
  A spriggan (Swamp:1)
  An orc zombie (D:12)
  A butterfly (Depths:1)
  10 foxfires (Swamp:4)
22 creatures vanquished.

Grand Total: 1573 creatures vanquished

Notes
Turn   | Place    | Note
-------+----------+-------------------------------------------
     0 | D:1      | Leeroy the Troll Shapeshifter began the quest for the Orb.
     0 | D:1      | Reached XP level 1. HP: 18/18 MP: 0/0
     0 | D:1      | Noticed a jelly
     1 | D:1      | Found a runed translucent door.
    94 | D:1      | Found a faded altar of an unknown god.
   392 | D:1      | Reached XP level 2. HP: 26/26 MP: 1/1
   676 | D:2      | Noticed Robin
   822 | D:1      | Reached XP level 3. HP: 17/32 MP: 2/2
   977 | D:2      | Killed Robin
  1237 | D:2      | Reached XP level 4. HP: 40/40 MP: 3/3
  1337 | D:3      | Reached skill level 5 in Unarmed Combat
  1391 | D:3      | Found a transporter.
  1402 | D:3      | Found a transporter.
  1764 | D:4      | Noticed a water moccasin
  1768 | D:4      | Killed a water moccasin
  1769 | D:4      | Reached XP level 5. HP: 46/46 MP: 4/4
  1784 | D:4      | Reached XP level 6. HP: 48/54 MP: 5/5
  1829 | D:4      | Identified the ring of Fusul {Will+ EV+5 Int+3}
  2036 | D:4      | Noticed Pikel
  2277 | D:4      | Found a staircase to the Ecumenical Temple.
  2284 | Temple   | Entered the Ecumenical Temple
  2293 | Temple   | Became a worshipper of the Wu Jian Council
  2694 | D:4      | Reached * piety under Wu Jian
  2747 | D:5      | Entered Level 5 of the Dungeon
  2858 | D:5      | Reached XP level 7. HP: 61/61 MP: 6/6
  2978 | D:5      | Reached skill level 4 in Shapeshifting
  3018 | D:5      | Noticed Menkaure
  3030 | D:5      | Killed Menkaure
  3031 | D:5      | Reached skill level 5 in Shapeshifting
  3499 | D:5      | Found a hazy altar of Hepliaklqana.
  3501 | D:5      | Found a shadowy altar of Dithmenos.
  3506 | D:5      | Reached skill level 6 in Shapeshifting
  3506 | D:5      | Reached XP level 8. HP: 55/68 MP: 5/7
  3609 | D:6      | Found a glowing drain.
  3629 | Sewer    | Entered a sewer
  3861 | D:6      | Reached skill level 7 in Shapeshifting
  3978 | D:6      | Found a bloodstained altar of Trog.
  3978 | D:6      | Found a snail-covered altar of Cheibriados.
  3989 | D:6      | Reached ** piety under Wu Jian
  3990 | D:6      | Reached skill level 8 in Shapeshifting
  4108 | D:6      | Reached skill level 1 in Fighting
  4309 | D:6      | Found the +2 ratskin cloak {*Rats rPois rN+ Str-1 Int-1
                  | Dex+1}
  4310 | D:6      | Reached XP level 9. HP: 64/81 MP: 5/8
  4904 | D:7      | Identified the +0 falchion "Putub" {elec, rPois}
  4911 | D:7      | Reached *** piety under Wu Jian
  4987 | D:7      | Reached skill level 9 in Shapeshifting
  5460 | D:8      | Found a staircase to the Lair.
  5575 | D:8      | Reached skill level 10 in Shapeshifting
  5661 | D:8      | Noticed a cyclops
  5675 | D:8      | Killed a cyclops
  5830 | D:7      | Reached skill level 11 in Shapeshifting
  5900 | D:8      | Reached XP level 10. HP: 84/91 MP: 9/9
  6199 | D:8      | Identified the ring "Doc Sus" {rF+ rN+}
  6612 | D:9      | Noticed Maurice
  6628 | D:9      | Killed Maurice
  6629 | D:9      | Reached skill level 12 in Shapeshifting
  6669 | D:9      | Noticed a two-headed ogre
  6728 | Lair:1   | Entered Level 1 of the Lair of Beasts
  6734 | Lair:1   | Noticed a black mamba
  6741 | Lair:1   | Killed a black mamba
  6781 | Lair:1   | Noticed a cane toad
  6787 | Lair:1   | Killed a cane toad
  6789 | Lair:1   | Noticed a cane toad
  6794 | Lair:1   | Killed a cane toad
  6795 | Lair:1   | Reached skill level 5 in Fighting
  6929 | Lair:1   | Noticed a cane toad
  6939 | Lair:1   | Killed a cane toad
  6955 | Lair:1   | Found a shimmering altar of Xom.
  6966 | Lair:1   | Reached **** piety under Wu Jian
  7069 | Lair:1   | Noticed a skyshark
  7077 | Lair:1   | Killed a skyshark
  7077 | Lair:1   | Noticed a cane toad
  7095 | Lair:1   | Killed a cane toad
  7096 | Lair:1   | Reached XP level 11. HP: 105/109 MP: 10/10
  7812 | Lair:2   | Reached skill level 10 in Unarmed Combat
  8320 | Lair:2   | Noticed a bog body
  8327 | Lair:2   | Killed a bog body
  8426 | Lair:2   | Reached XP level 12. HP: 118/118 MP: 11/11
  8531 | Lair:2   | Found a staircase to the Snake Pit.
  8604 | Lair:2   | Noticed Urug
  8641 | Lair:2   | Killed Urug
  8788 | Lair:2   | Noticed a four-headed hydra
  8792 | Lair:2   | Killed a four-headed hydra
  9228 | Lair:2   | Found a staircase to the Swamp.
  9420 | Lair:3   | Noticed Nergalle
  9436 | Lair:3   | Killed Nergalle
  9454 | Lair:3   | Noticed a death yak
  9455 | Lair:3   | Noticed a death yak
  9456 | Lair:3   | Noticed a death yak
  9456 | Lair:3   | Noticed a death yak
  9485 | Lair:3   | Killed a death yak
  9488 | Lair:3   | Killed a death yak
  9488 | Lair:3   | Reached ***** piety under Wu Jian
  9492 | Lair:3   | Killed a death yak
  9492 | Lair:3   | Noticed a death yak
  9493 | Lair:3   | Reached skill level 13 in Shapeshifting
  9499 | Lair:3   | Killed a death yak
  9511 | Lair:3   | Killed a death yak
  9690 | Lair:3   | Noticed a seven-headed hydra
  9700 | Lair:3   | Killed a seven-headed hydra
  9895 | Lair:3   | Identified a scroll of acquirement
 10175 | Lair:3   | Acquired 593 gold pieces
 10209 | Lair:4   | Noticed a death yak
 10209 | Lair:4   | Noticed a death yak
 10211 | Lair:4   | Noticed a death yak
 10217 | Lair:4   | Noticed a death yak
 10217 | Lair:4   | Noticed a death yak
 10223 | Lair:4   | Killed a death yak
 10228 | Lair:4   | Killed a death yak
 10229 | Lair:4   | Reached skill level 14 in Shapeshifting
 10229 | Lair:4   | Reached XP level 13. HP: 97/124 MP: 7/12
 10328 | Lair:4   | You fall into a shaft and drop 1 floor!
 10328 | Lair:5   | Entered Level 5 of the Lair of Beasts
 10531 | Lair:5   | Reached skill level 15 in Shapeshifting
 10701 | Lair:5   | Identified the +3 battleaxe of Agitz {flame, rCorr Dex+2}
 10879 | Lair:4   | Reached skill level 16 in Shapeshifting
 11109 | Lair:4   | Found a runed translucent gate.
 11109 | Lair:4   | Found a runed translucent gate.
 11109 | Lair:4   | Found a runed translucent gate.
 11117 | Lair:4   | Noticed a minotaur
 11150 | Lair:4   | Noticed Uzysm's ghost (journeyman DsBe)
 11475 | Lair:4   | Reached skill level 17 in Shapeshifting
 11475 | Lair:4   | Reached XP level 14. HP: 133/133 MP: 13/13
 11610 | Lair:4   | Found a runed translucent door.
 11611 | Lair:4   | Found a viscous altar of Jiyva.
 11611 | Lair:4   | Noticed an azure jelly
 11613 | Lair:4   | Found a staircase to the Slime Pits.
 12734 | Lair:5   | Found a burning altar of Makhleb.
 13040 | Lair:5   | Found a gateway to Hell.
 13446 | Swamp:1  | Entered Level 1 of the Swamp
 13651 | Snake:1  | Entered Level 1 of the Snake Pit
 13732 | Snake:1  | Reached skill level 18 in Shapeshifting
 13906 | Snake:1  | Reached ****** piety under Wu Jian
 14869 | Snake:1  | Reached skill level 19 in Shapeshifting
 15779 | Snake:2  | Noticed Vashnia
 16223 | Snake:2  | Killed Vashnia
 16224 | Snake:2  | Reached skill level 15 in Unarmed Combat
 16233 | Snake:2  | HP: 6/159 [naga sharpshooter/splash of poison[Vashnia] (4)]
 16235 | Snake:2  | Reached XP level 15. HP: 5/140 MP: 2/14
 16238 | Snake:2  | HP: 4/168 [poisoned by a naga sharpshooter (splash of
                  | poison)]
 17066 | Snake:2  | Found a basalt altar of Yredelemnul.
 17832 | Snake:3  | Noticed Aizul
 18098 | Snake:4  | Entered Level 4 of the Snake Pit
 18142 | Snake:3  | Found Zoepnuss's General Store.
 18147 | Snake:3  | Found Onuestiymm's Jewellery Shoppe.
 18155 | Snake:3  | Bought a granite talisman for 1360 gold pieces
 18226 | Snake:3  | Found a hazy altar of Hepliaklqana.
 18300 | Snake:3  | Noticed a nagaraja
 19928 | Swamp:3  | Reached XP level 16. HP: 149/149 MP: 15/15
 20211 | Swamp:3  | Noticed Jorgrun
 20520 | Swamp:4  | Entered Level 4 of the Swamp
 20821 | Swamp:4  | Reached skill level 20 in Shapeshifting
 20829 | Swamp:4  | Noticed the 27-headed Lernaean hydra
 20865 | Swamp:3  | Killed Jorgrun
 21297 | D:4      | Killed Pikel
 21335 | D:3      | Identified the ring "Hain" {rF+ rN+ Str+2 Dex-5 SInv}
 21690 | D:9      | Found Uche's Weapon Shop.
 22031 | D:10     | Entered Level 10 of the Dungeon
 22031 | D:10     | Found Udokhlyq's Antique Armour Emporium.
 22037 | D:10     | Bought a glowing hat for 154 gold pieces
 22385 | D:10     | Noticed Joseph
 22392 | D:10     | Killed Joseph
 22537 | D:10     | Noticed Amaemon
 22542 | D:10     | Killed Amaemon
 22671 | D:11     | You fall into a shaft and drop 1 floor!
 22675 | D:12     | Noticed Erolcha
 22682 | D:12     | Killed Erolcha
 22906 | D:12     | Found a staircase to the Orcish Mines.
 22907 | D:12     | Noticed Nessos
 22915 | D:12     | Killed Nessos
 23129 | D:12     | Found a runed translucent door.
 23622 | D:13     | Reached skill level 21 in Shapeshifting
 23688 | D:13     | Noticed Josephine
 23694 | D:13     | Killed Josephine
 23745 | D:13     | Noticed Rupert
 23753 | D:13     | Paralysed by Rupert for 3 turns
 23757 | D:13     | Killed Rupert
 23840 | D:13     | Reached XP level 17. HP: 156/156 MP: 14/16
 23874 | D:13     | Noticed Sonja
 23894 | D:13     | Killed Sonja
 24032 | D:13     | Found a stormy altar of Qazlal.
 24117 | D:13     | Found a gate to the Vaults.
 24635 | D:14     | Noticed Lodul
 24762 | D:13     | Killed Lodul
 24813 | D:14     | Identified the +0 pair of boots of Oblivion {Str+4 Dex+3
                  | Slay-4}
 24899 | D:14     | Found a radiant altar of Vehumet.
 25488 | D:15     | Entered Level 15 of the Dungeon
 25520 | D:15     | Found a frozen archway.
 25584 | IceCv    | Entered an ice cave
 25664 | IceCv    | Lost intelligence.
 25820 | IceCv    | Found a viscous altar of Jiyva.
 25857 | IceCv    | Identified the ring of Xom's Malicious Joy {+Blink rPois
                  | Str-4 SInv}
 26036 | D:15     | Reached skill level 5 in Dodging
 26875 | D:15     | Found a staircase to the Depths.
 26888 | Depths:1 | Entered Level 1 of the Depths
 26918 | Depths:1 | Noticed a juggernaut
 26929 | Depths:1 | Killed a juggernaut
 26935 | Depths:1 | Noticed a tentacled monstrosity
 26940 | Depths:1 | Killed a tentacled monstrosity
 27084 | Depths:1 | Reached skill level 1 in Armour
 27111 | Depths:1 | Found Jaerribu's Magic Scroll Emporium.
 27135 | Depths:1 | Bought a scroll of identify for 40 gold pieces
 27136 | Depths:1 | Bought a scroll of fog for 80 gold pieces
 27142 | Depths:1 | Found Fiolaaga's Distillery.
 27151 | Depths:1 | Bought a potion of haste for 160 gold pieces
 27151 | Depths:1 | Bought a potion of curing for 48 gold pieces
 27151 | Depths:1 | Bought a potion of curing for 48 gold pieces
 27151 | Depths:1 | Bought 2 potions of curing for 96 gold pieces
 27153 | Depths:1 | Bought a potion of heal wounds for 80 gold pieces
 27153 | Depths:1 | Bought a potion of ambrosia for 128 gold pieces
 27153 | Depths:1 | Bought a potion of enlightenment for 80 gold pieces
 27155 | Depths:1 | Bought a potion of brilliance for 64 gold pieces
 27386 | Depths:1 | Reached XP level 18. HP: 171/171 MP: 17/17
 27478 | Depths:1 | Paralysed by a floating eye for 4 turns
 27486 | Depths:1 | Noticed a lich
 27489 | Depths:1 | Killed a lich
 27668 | Depths:1 | Found a white marble altar of Elyvilon.
 27948 | Depths:1 | Reached skill level 10 in Fighting
 28106 | Orc:1    | Entered Level 1 of the Orcish Mines
 28364 | Orc:2    | Entered Level 2 of the Orcish Mines
 28364 | Orc:2    | Found Ysupi's General Store.
 28394 | Orc:2    | Bought a scroll of enchant armour for 97 gold pieces
 28501 | Orc:2    | Reached skill level 22 in Shapeshifting
 28520 | Orc:2    | Found Pugul's General Store.
 28520 | Orc:2    | Found Asiutoag's Antique Weapon Emporium.
 28521 | Orc:2    | Found Ditug's Assorted Antiques.
 28521 | Orc:2    | Found Baonough's Armour Emporium.
 28660 | Orc:2    | Bought a scroll of identify for 28 gold pieces
 28660 | Orc:2    | Bought a scroll of identify for 28 gold pieces
 28660 | Orc:2    | Bought a scroll of identify for 28 gold pieces
 28667 | Orc:2    | Bought a scroll of enchant armour for 240 gold pieces
 28668 | Orc:2    | Bought a potion of mutation for 256 gold pieces
 28796 | Orc:2    | Found a staircase to the Elven Halls.
 29142 | Elf:1    | Entered Level 1 of the Elven Halls
 29211 | Elf:1    | Found Hotsoebb's Weapon Shop.
 29213 | Elf:1    | Paralysed by an air elemental for 1 turns
 29300 | Elf:1    | Got a parchment book
 29454 | Elf:1    | Paralysed by an air elemental for 1 turns
 29458 | Elf:1    | Paralysed by an air elemental for 1 turns
 29904 | Elf:2    | Reached skill level 23 in Shapeshifting
 29997 | Elf:2    | Found a runed translucent gate.
 29998 | Elf:2    | Found a runed translucent gate.
 29998 | Elf:2    | Found a runed translucent gate.
 30330 | Elf:2    | HP: 4/226 [+3 halberd of flaming (12)]
 30481 | Elf:2    | Reached XP level 19. HP: 182/182 MP: 18/18
 30715 | Elf:3    | Entered Level 3 of the Elven Halls
 30899 | Elf:3    | Found a shimmering blue altar of Sif Muna.
 31105 | Elf:3    | Identified the +7 halberd "Tormentor" {freeze, *Slow rC+
                  | rCorr Str+4}
 31122 | Elf:3    | Reached skill level 24 in Shapeshifting
 31397 | Elf:3    | Identified the +8 spear of the Poles {freeze, rF+ Dex+4}
 31415 | Elf:3    | Noticed a Brimstone Fiend
 31423 | Elf:3    | Noticed a Tzitzimitl
 31451 | Elf:3    | Noticed a Brimstone Fiend
 31887 | Elf:3    | Got a glossy book
 31893 | Elf:3    | Identified the -2 tower shield of Jihyite {-Cast Contam
                  | Regen+ Dex+8}
 31902 | Elf:3    | Got an illuminated book
 31968 | Elf:3    | Identified the +1 sling "Befek" {flame, rC+ Str+2}
 31970 | Elf:3    | Identified the +0 buckler of Gewies {rF+ Will+ rCorr}
 31994 | Elf:3    | Identified the staff "Killer Bee's Regret" {SInv Earth}
 31997 | Elf:3    | Identified the +1 cloak of Xigyxuso {*Corrode Fly rN++
                  | Str+3}
 33643 | Snake:3  | Killed Aizul
 33795 | Snake:4  | Noticed Roxanne
 33799 | Snake:4  | Killed Roxanne
 33871 | Snake:4  | Reached skill level 25 in Shapeshifting
 33906 | Snake:4  | Noticed Nikola
 33908 | Snake:4  | Killed Nikola
 33991 | Snake:4  | Reached XP level 20. HP: 191/191 MP: 19/19
 34143 | Snake:4  | Found a transporter.
 34159 | Snake:4  | Noticed NigelTetley's ghost (adept DsEE)
 34205 | Snake:4  | Found a transporter.
 34317 | Snake:4  | Got a serpentine rune of Zot
 34433 | Snake:4  | Identified the +1 pair of gloves of Ynawn {Int+6 Slay+2}
 34444 | Snake:4  | Killed NigelTetley's ghost
 34783 | Swamp:4  | Killed the 27-headed Lernaean hydra
 34797 | Swamp:4  | Got a decaying rune of Zot
 35221 | Lair:4   | Killed Uzysm's ghost
 35369 | Hell     | Entered the Vestibule of Hell
 35369 | Hell     | Noticed Geryon
 36152 | Hell     | Killed Geryon
 36165 | Hell     | Found a gateway to the freezing wastes of Cocytus.
 36202 | Hell     | Found a gateway to the Iron City of Dis.
 36257 | Hell     | Noticed a doom hound
 36258 | Hell     | Noticed a doom hound
 36259 | Hell     | Found a gateway to the decaying netherworld of Tartarus.
 36260 | Hell     | Noticed a doom hound
 36261 | Hell     | Killed a doom hound
 36265 | Hell     | Killed a doom hound
 36266 | Hell     | Killed a doom hound
 36353 | Hell     | Found a gateway to the ashen valley of Gehenna.
 36722 | Slime:1  | Entered Level 1 of the Pits of Slime
 36751 | Slime:1  | Gained mutation: Your magical capacity is low. (-10% MP) [a
                  | shining eye]
 37509 | Slime:2  | Reached XP level 21. HP: 200/200 MP: 17/17
 37872 | Slime:3  | Noticed Dissolution
 37877 | Slime:3  | Killed Dissolution
 39437 | Slime:5  | Entered Level 5 of the Pits of Slime
 39518 | Slime:5  | Noticed the Royal Jelly
 39523 | Slime:5  | Gained mutation: Armour fits poorly on your strangely
                  | shaped body. [a shining eye]
 39524 | Slime:5  | Gained mutation: You occasionally lose the ability to read
                  | scrolls when taking damage. [a shining eye]
 39542 | Slime:5  | Found a viscous altar of Jiyva.
 39588 | Slime:5  | HP: 2/274 [acid blob[the Royal Jelly] (14)]
 39588 | Slime:5  | Splashed by an acid blob's acid

Illustrated notes

Levels and vault maps discovered:
D:1:      dpeg_arrival_caged_fury, layout_basic, ebering_ecumenical_altar_hall,
          chequers_arboretum, minivault_4
D:2:      layout_rooms, uniq_robin
D:3:      gammafunk_steamed_eel, layout_rooms
D:4:      layout_cave_pods, minmay_temple_entry_hall, minmay_rat_hole,
          uniq_pikel
D:5:      layout_loops_corners, riverfiend_overflow_shadow_ancestor,
          uniq_menkaure
D:6:      wander_guarded_unrand_ratskin, layout_loops_ring,
          mainiacjoe_overflow_large_starburst, serial_undead, serial_undead_e,
          serial_undead_e, serial_undead_d, serial_undead_c,
          gup_sewer_entry_glass
D:7:      layout_basic
D:8:      nzn_winding_woodlands_cross [nzn_winding_woodlands_5x15_crooked,
          nzn_winding_woodlands_5x15_longhouse,
          nzn_winding_woodlands_5x15_sawtooth, nzn_winding_woodlands_5x15_pool,
          nzn_winding_woodlands_15x15_eel_pit], layout_basic
D:9:      layout_small_grid, serial_shops, nicolae_shop_getting_attention,
          uniq_maurice
D:10:     layout_long_grid, serial_shops, nicolae_shop_tiny_glass,
          chequers_avenue, uniq_amaemon, uniq_joseph
D:11:     layout_loops_ring
D:12:     layout_loops_ring, zombieorc1_lemuel, minivault_13, uniq_erolcha,
          uniq_nessos
D:13:     minmay_coctagon, layout_long_grid, grunt_vaults_entry_fortified,
          nicolae_qazlal_eye_of_the_storm, uniq_sonja, uniq_rupert,
          uniq_josephine
D:14:     layout_basic, nicolae_vehumet_altar_sigil, uniq_lodul
D:15:     grunt_enter_depths_snipers, layout_loops_corners,
          portal_ice_cave_entry_ice_statue_two, minmay_strange_pillars
Temple:   nicolae_temple_two_arcs
Lair:1:   layout_long_grid, lemuel_centaur_altar
Lair:2:   layout_roguey, nicolae_swamp_entry_splash_gauntlet,
          minmay_snake_entry_guardpost_large, pdpol_lair_cavern_descent,
          infiniplex_staircase_pool_2, uniq_urug
Lair:3:   layout_small_grid, chequers_serial_rivers_marsh, grunt_megastairs_2,
          serial_bayou_shore_a, uniq_nergalle
Lair:4:   nzn_motion_control, layout_regular_city, slime_entry_2,
          maelrawn_ghost_gauntlet_escape
Lair:5:   evil_forest, layout_cave_pods, serial_bayou_crossing
Swamp:1:  layout_falls_marsh, evilmike_swamp_ruin_house_1,
          infiniplex_staircase_pool
Swamp:2:  layout_basic_swamp, hangedman_swamp_cone
Swamp:3:  layout_basic_swamp, evilmike_swamp_ruin_house_2, uniq_jorgrun
Swamp:4:  grunt_swamp_rune_castle, layout_basic_swamp
Snake:1:  layout_chambers
Snake:2:  layout_layer_cave, basic_altar, uniq_vashnia
Snake:3:  layout_grid_shapes, basic_altar, nicolae_snake_gridmaze_squiggle,
          grunt_megastairs_5, minmay_shop_star, uniq_aizul
Snake:4:  minmay_snake_end_coiled, layout_onion,
          gammafunk_ghost_berserking_beasts, uniq_roxanne, uniq_nikola
Slime:1:  layout_caves, nicolae_slime_barrier
Slime:2:  layout_caves
Slime:3:  layout_caves, uniq_dissolution
Slime:4:  layout_caves
Slime:5:  slime_pit_nicolae_trefoil
Orc:1:    layout_diamond_mine
Orc:2:    st_orc_pillars, layout_caves, serial_shops, shop, library_closet
Elf:1:    eino_elf_arrival_shootout, layout_geoelf_grid, serial_shops,
          nicolae_shop_competitors_out_of_business, minmay_elf_demonology
Elf:2:    nicolae_elf_blades_crystal_corner, layout_loops_cross,
          einodemon_armed_red_devil_minivault
Elf:3:    elf_hall_gauntlet_narrow, layout_geoelf_octagon, basic_altar
Depths:1: layout_gridville, grunt_hell_entry_dis_old,
          nicolae_elyvilon_peaceful_grove, minmay_misc_feat_columns,
          dispersion_dpeg, serial_bayou_shore_b, minmay_shoptagon
Depths:2: nicolae_moon_pools, layout_cave_pools, enter_ziggurat_c,
          rand_demon_pan_entry_1, minmay_misc_feat_rows, serial_glass,
          glass_columns_a, glass_columns_b, pf_hell_entry_tar_river,
          chequers_serial_rivers_small_3
Hell

Skill      XL: |  1  2  3  4  5  6  7  8  9 10 11 12 13 14 15 16 17 18 19 20 21 |
---------------+----------------------------------------------------------------+-----
Unarmed Combat | 4 6 8 12 14 15 18 19 22 | 22.1
Shapeshifting  | 6 8 11 12 14 17 19 21 23 25 | 25.7
Fighting       | 3 7 9 10 13 | 13.5
Dodging        | 6 |  6.2
Armour         | 3 4 |  4.1

Action                     |  1- 3 |  4- 6 |  7- 9 | 10-12 | 13-15 | 16-18 | 19-21 || total
---------------------------+-------+-------+-------+-------+-------+-------+-------++-------
  Melee: Unarmed           |    63 |   160 |   263 |   361 |   799 |  1140 |  1137 ||  3923
         Punch             |     2 |     4 |    10 |     2 |    10 |    88 |   130 ||   246
         Constrict         |       |       |       |    66 |   122 |    13 |       ||   201
   Fire: Hand cannon       |       |       |       |       |       |     2 |       ||     2
 Invoke: Serpent's Lash    |       |       |     1 |       |     2 |     5 |    10 ||    18
         Heavenly Storm    |       |       |       |       |       |     1 |     5 ||     6
Ability: Lunge             |       |     3 |    21 |    29 |    51 |   101 |   118 ||   323
         Whirlwind         |       |       |     6 |    25 |    53 |   204 |   343 ||   631
         Wall Jump         |       |       |       |     4 |     3 |    15 |    11 ||    33
  Evoke: Wand              |       |       |       |    11 |     1 |     6 |     1 ||    19
    Use: Potion            |     1 |       |     1 |       |     1 |     3 |       ||     6
         Scroll            |       |     2 |     5 |     3 |     6 |    22 |     8 ||    46
   Stab: Sleeping          |       |       |     2 |       |       |       |       ||     2
         Distracted        |       |       |       |       |       |     2 |       ||     2
         Invisible         |       |       |       |       |       |     2 |       ||     2
 Armour: Animal skin       |    66 |    69 |    88 |       |       |       |       ||   223
         Skin              |    32 |       |       |   160 |   571 |  1128 |  1373 ||  3264
         Robe              |       |       |    61 |    23 |       |       |       ||    84
  Dodge: Dodged            |    33 |    87 |    78 |   248 |   580 |   692 |   921 ||  2639
   Form: Blade             |       |       |     1 |       |       |     3 |       ||     4
         Flux              |       |       |     1 |       |       |       |       ||     1
         Anaconda          |       |       |       |     1 |     1 |     1 |       ||     3
         Statue            |       |       |       |       |     2 |     4 |       ||     6

Table legend: (Time is in decaauts)
 A = Elapsed time spent in this place.
 B = Non-inter-level travel time spent in this place.
 C = Inter-level travel time spent in this place.
 D = Time resting spent in this place.
 E = Time spent auto-exploring this place.
 F = Levels seen in this place.
 G = Mean time per level.
                   A        B        C        D        E       F      G
               +--------+--------+--------+--------+--------+-----+--------+
         Total |  49364 |  44543 |   4821 |   5419 |  27835 |  44 | 1121.9 |
       Dungeon |  15904 |  14558 |   1346 |   1242 |  10581 |  15 | 1060.3 |
        Temple |     18 |      3 |     15 |      0 |      0 |   1 |   18.0 |
          Lair |   9092 |   7901 |   1191 |   2011 |   4221 |   5 | 1818.4 |
         Swamp |   3689 |   3147 |    542 |      7 |   2238 |   4 |  922.2 |
     Snake Pit |   6390 |   5759 |    631 |   1052 |   3384 |   4 | 1597.5 |
    Slime Pits |   4210 |   4053 |    157 |    120 |   2077 |   5 |  842.0 |
  Orcish Mines |   1561 |   1395 |    166 |      7 |   1005 |   2 |  780.5 |
   Elven Halls |   4999 |   4426 |    573 |    676 |   2461 |   3 | 1666.3 |
        Depths |   1621 |   1423 |    198 |     39 |   1009 |   2 |  810.5 |
          Hell |   1005 |   1005 |      0 |    178 |    427 |   1 | 1005.0 |
         Sewer |    137 |    137 |      0 |     15 |     79 |   1 |  137.0 |
      Ice Cave |    735 |    735 |      0 |     70 |    350 |   1 |  735.0 |
               +--------+--------+--------+--------+--------+-----+--------+

Top non-repeatable levels by time:
  Lair:5: 2778 daAuts
  Lair:2: 2752 daAuts
 Snake:1: 2317 daAuts
   Elf:3: 2101 daAuts
   Elf:2: 1978 daAuts
 Snake:2: 1901 daAuts
    D:13: 1783 daAuts
Depths:1: 1611 daAuts
    D:12: 1562 daAuts
    D:15: 1499 daAuts
  Lair:4: 1434 daAuts
 Slime:3: 1228 daAuts
  Lair:1: 1214 daAuts
     D:4: 1181 daAuts
     D:8: 1112 daAuts
